 Dungeon Crawl Stone Soup version 0.30-a0-311-gf115ab0292 (webtiles) character file.

Game seed: 8799861748975655228

10521 ragingrage the Carver (level 11, -3/86 HPs)
             Began as a Demigod Gladiator on Oct 25, 2022.
             Slain by a minotaur
             ... wielding a +3 battleaxe
              (6 damage)
             ... in a Gauntlet.
             The game lasted 00:12:38 (9854 turns).

ragingrage the Carver (Demigod Gladiator)           Turns: 9854, Time: 00:12:39

Health: -3/86      AC: 12    Str: 15    XL:     11   Next: 15%
Magic:  14/14      EV: 18    Int: 13    God:
Gold:   597        SH: 12    Dex: 33    Spells: 9/10 levels left

rFire   . . .      SeeInvis .    D - +7 long sword (holy)
rCold   . . .      Faith    .    M - +0 buckler
rNeg    . . .      Spirit   .    v - +1 ring mail of Xuoskyup {Regen+}
rPois   .          Reflect  +    C - +2 helmet {Int+3}
rElec   .          Harm     .    Q - scarf {shadows}
rCorr   .          Rampage  .    I - +0 pair of gloves
Will    +....      NoTele   +    n - +1 pair of boots
Stlth   ++........               t - amulet of reflection
HPRegen 1.14/turn                P - +6 ring of dexterity
MPRegen 0.14/turn                (no ring)

@: invisible
A: high MP 1, forlorn, divine attributes
a: no special abilities


You were in a Gauntlet.
You visited 1 branch of the dungeon, and saw 11 of its levels.
You also visited: Gauntlet.

You collected 597 gold pieces.

Inventory:

Hand Weapons
 a - a +3 long sword
 b - a +2 short sword of protection
 D - a +7 long sword of holy wrath (weapon)
Missiles
 d - a throwing net
 e - a javelin
 s - a curare-tipped dart
 y - 18 poisoned darts (quivered)
 z - 3 atropa-tipped darts
 F - 3 datura-tipped darts
Armour
 n - a +1 pair of boots (worn)
 v - the +1 ring mail of Xuoskyup (worn) {Regen+}
   (You found it on level 3 of the Dungeon)

   Regen:     It increases your rate of health regeneration.
 B - a +2 ring mail of willpower
 C - a +2 helmet of intelligence (worn)
 G - +0 acid dragon scales
 I - a +0 pair of gloves (worn)
 M - a +0 buckler (worn)
 Q - a scarf of shadows (worn)
Jewellery
 t - an amulet of reflection (around neck)
 K - an amulet of magic regeneration
 P - a +6 ring of dexterity (left hand)
Wands
 w - a wand of light (14)
 x - a wand of paralysis (2)
 L - a wand of roots (3)
 N - a wand of flame (6)
Scrolls
 g - 2 scrolls of poison
 k - 4 scrolls of blinking
 o - a scroll of brand weapon {unknown}
 r - 5 scrolls of identify
 u - 2 scrolls of teleportation
 E - a scroll of vulnerability {unknown}
 H - a scroll of acquirement {unknown}
 J - 3 scrolls of fear
Potions
 f - 9 potions of brilliance
 h - 3 potions of curing
 j - 3 potions of attraction
 l - 3 potions of degeneration
 m - 3 potions of flight
 q - 2 potions of mutation
 A - a potion of haste
 O - 2 potions of resistance


   Skills:
 - Level 5.0 Fighting
 * Level 13.8 Long Blades
 - Level 1.7 Throwing
 - Level 8.0 Dodging
 + Level 2.8 Shields


You had 9 spell levels left.
You knew the following spells:

 Your Spells              Type           Power      Damage    Failure   Level
a - Sandblast             Erth           0%         2d4       63%         1

Your spell library contained the following spells:

 Spells                   Type           Power      Damage    Failure   Level
 Magic Dart               Conj           0%         1d3       63%         1
 Summon Small Mammal      Summ           0%         N/A       63%         1
 Call Imp                 Summ           0%         N/A       77%         2
 Passwall                 Tmut/Erth      0%         N/A       77%         2
 Call Canine Familiar     Summ           0%         N/A       94%         3
 Ignite Poison            Fire/Tmut/Pois 0%         N/A       94%         3
 Kindle Blastsparks       Fire/Tloc/Air  0%         2d10      94%         3
 Mephitic Cloud           Conj/Pois/Air  0%         N/A       94%         3
 Stone Arrow              Conj/Erth      0%         3d7       94%         3
 Summon Guardian Golem    Hex/Summ       0%         N/A       94%         3
 Freezing Cloud           Conj/Ice/Air   0%         6-21      100%        5


Dungeon Overview and Level Annotations

Branches:
Dungeon (11/15)            Temple (0/1) D:4         Gauntlet (1/1)
   Lair: D:8-11         Orc: D:9-12

Annotations:
D:2 Sigmund
D:8 Amaemon
D:9 1 runed translucent door, exclusion: upstairs, bchevrier's ghost, novice GnWn Gauntlet 10 transporters, exclusion: 2 lightning spires


Innate Abilities, Weirdness & Mutations

You have an increased reservoir of magic. (+10% MP)
You shall have no god before yourself.
Your divine heritage dramatically boosts your attributes as you level up.


Message History

You catch the helpless minotaur completely off-guard!
You hit the minotaur but do no damage.
The minotaur is moderately wounded.
You block the minotaur's attack. The minotaur gores you!
You slash the minotaur!
The minotaur is heavily wounded.
The minotaur hits you with a +3 battleaxe!!!
* * * LOW HITPOINT WARNING * * *
The minotaur gores you but does no damage.
You feel much better. You block the minotaur's attack.
The minotaur gores you but does no damage.
You feel much better.
The minotaur hits you with a +3 battleaxe!
You block the minotaur's attack.
You slash the minotaur!
The minotaur is heavily wounded.
The minotaur completely misses you. The minotaur barely misses you.
You catch the helpless minotaur completely off-guard!
You hit the minotaur but do no damage.
The minotaur is heavily wounded.
You catch the helpless minotaur completely off-guard!
You slice the minotaur!!
The minotaur is severely wounded.
The minotaur hits you with a +3 battleaxe!!
* * * LOW HITPOINT WARNING * * *
The minotaur misses you.
You strike the helpless minotaur from behind!
You hit the minotaur but do no damage.
The minotaur is severely wounded.
The minotaur hits you with a +3 battleaxe!!
* * * LOW HITPOINT WARNING * * *
The minotaur barely misses you.
Okay, then.
Throw: 2 throwing nets
Press: ? - help, Shift-Dir - straight line, f/p - minotaur
Aim: a minotaur, wielding a +3 battleaxe, wearing a +0 plate armour, wearing the ring of Spontaneous Combustion {rPois rN+} and quivering javelins (severely wounded, unable to see you, 81% to hit)
You throw a throwing net.
The throwing net barely misses the minotaur.
The minotaur hits you with a +3 battleaxe.
You die...

#≈.......#.#..≈∩≈..#.#.......≈
##########.#########.#########
*8# #≈...............≈# #8#
*## #8.8.8.8.8.8.8.8.8# ###
#≈...............≈#
#########.#########
#.............#
#.###########.#
#.#..@H..(#,#.#
#.#.###.###,#.#
#.#.##⌠,⌠#*,#.#
#.#..#,∩,#,,#.#
#.##.#⌠,⌠*,##.#
#....#####.#..#
##.#.......#.## #.#########.#
#..,,#......#


You could see a minotaur (unable to see you).

Vanquished Creatures
  2 two-headed ogres
  Pikel (D:7)
  A cyclops (D:11)
  Psyche (D:8)
  Maggie (D:7)
  A troll (D:9)
  2 hornets (Gauntlet)
  A raiju (Gauntlet)
  4 shadows (Gauntlet)
  A vampire (D:10)
  2 wyverns (D:9)
  11 yaks
  A wraith (D:10)
  3 steam dragons
  Menkaure (D:7)
  2 acid dragons
  An orc warrior (D:7)
  3 black bears
  A sky beast (D:8)
  An ogre (D:4)
  2 centaurs
  3 phantoms
  2 lemures (D:7)
  A kobold brigand (D:8)
  3 bullfrogs
  3 necrophages
  A scorpion (D:5)
  12 wights
  15 killer bees
  A howler monkey (D:10)
  A gnoll bouda (D:9)
  2 hounds
  5 jellies
  3 orc priests (D:7)
  4 iguanas
  Ijyb (D:3)
  12 orc wizards
  2 hound zombies (D:4)
  2 gnolls (D:9)
  9 adders
  An ufetubus (D:6)
  2 adder zombies (D:4)
  2 worms
  A dart slug (D:1)
  36 orcs
  2 ball pythons
  8 endoplasms
  5 giant cockroaches
  11 goblins
  6 hobgoblins
  4 jackals
  3 quokkas
  2 bats
  3 frilled lizards (D:3)
  14 kobolds
  4 rats (D:1)
229 creatures vanquished.

Notes
Turn   | Place    | Note
-------+----------+-------------------------------------------
     0 | D:1      | ragingrage the Demigod Gladiator began the quest for the
                  | Orb.
     0 | D:1      | Reached XP level 1. HP: 17/17 MP: 3/3
    34 | D:1      | Reached skill level 3 in Long Blades
   151 | D:1      | Reached XP level 2. HP: 24/24 MP: 4/4
   889 | D:1      | Learned a level 1 spell: Sandblast
  1012 | D:2      | Reached XP level 3. HP: 24/29 MP: 2/5
  1285 | D:2      | Reached skill level 4 in Long Blades
  1529 | D:2      | Noticed Sigmund
  2023 | D:3      | Identified the +1 ring mail of Xuoskyup {Regen+}
  2115 | D:3      | Reached XP level 4. HP: 36/36 MP: 6/6
  2154 | D:3      | Noticed Ijyb
  2162 | D:3      | Paralysed by Ijyb for 4 turns
  2195 | D:3      | Killed Ijyb
  2196 | D:3      | Reached skill level 5 in Long Blades
  2762 | D:4      | Noticed a phantom
  2776 | D:4      | Found a staircase to the Ecumenical Temple.
  2795 | D:4      | Killed a phantom
  2796 | D:4      | Reached XP level 5. HP: 41/41 MP: 7/7
  3252 | D:4      | Reached skill level 6 in Long Blades
  3497 | D:4      | Noticed an ogre
  3525 | D:4      | Killed an ogre
  3526 | D:4      | Reached XP level 6. HP: 38/48 MP: 8/8
  3629 | D:4      | Reached skill level 7 in Long Blades
  3684 | D:5      | Entered Level 5 of the Dungeon
  3847 | D:5      | Reached XP level 7. HP: 53/53 MP: 9/9
  4082 | D:5      | Reached skill level 8 in Long Blades
  5170 | D:6      | Reached XP level 8. HP: 54/63 MP: 10/10
  5762 | D:7      | Reached skill level 9 in Long Blades
  5762 | D:7      | Reached skill level 5 in Dodging
  5919 | D:7      | Noticed Menkaure
  5925 | D:7      | Killed Menkaure
  5926 | D:7      | Reached skill level 5 in Fighting
  5956 | D:7      | Noticed Pikel
  5981 | D:7      | Killed Pikel
  5982 | D:7      | Reached XP level 9. HP: 74/74 MP: 11/11
  6237 | D:7      | Noticed Maggie
  6247 | D:7      | Killed Maggie
  6248 | D:7      | Reached skill level 10 in Long Blades
  6564 | D:8      | Noticed Psyche
  6570 | D:8      | Killed Psyche
  7052 | D:8      | Noticed a two-headed ogre
  7063 | D:8      | Killed a two-headed ogre
  7064 | D:8      | Reached skill level 11 in Long Blades
  7464 | D:8      | Noticed Amaemon
  7464 | D:8      | Noticed an orange demon
  7522 | D:9      | Reached XP level 10. HP: 81/81 MP: 13/13
  7989 | D:9      | Found a runed translucent door.
  7990 | D:9      | Noticed bchevrier's ghost (novice GnWn)
  8058 | D:9      | Noticed a two-headed ogre
  8067 | D:9      | Killed a two-headed ogre
  8068 | D:9      | Reached skill level 12 in Long Blades
  8286 | D:10     | Entered Level 10 of the Dungeon
  8387 | D:10     | Reached skill level 13 in Long Blades
  8855 | D:10     | Reached skill level 1 in Shields
  9136 | D:11     | Noticed a cyclops
  9145 | D:11     | Killed a cyclops
  9146 | D:11     | Reached XP level 11. HP: 43/86 MP: 14/14
  9163 | D:11     | Found a gate leading to a gauntlet.
  9185 | Gauntlet | Entered a Gauntlet
  9185 | Gauntlet | Found a transporter.
  9185 | Gauntlet | Found a transporter.
  9189 | Gauntlet | Found a transporter.
  9191 | Gauntlet | Found a transporter.
  9198 | Gauntlet | Found a transporter.
  9208 | Gauntlet | Noticed a glowing orange brain
  9211 | Gauntlet | Noticed a necromancer
  9212 | Gauntlet | Noticed a death yak
  9216 | Gauntlet | Noticed a death yak
  9216 | Gauntlet | Noticed a death yak
  9217 | Gauntlet | Found a transporter.
  9217 | Gauntlet | Found the +4 robe of Folly {Brilliance Will-∞ Int+8}
  9227 | Gauntlet | Found a transporter.
  9227 | Gauntlet | Found a transporter.
  9231 | Gauntlet | Found a transporter.
  9258 | Gauntlet | Found a transporter.
  9265 | Gauntlet | Found a transporter.
  9301 | Gauntlet | Found a transporter.
  9316 | Gauntlet | Found a transporter.
  9332 | Gauntlet | Found a transporter.
  9432 | Gauntlet | Found a transporter.
  9438 | Gauntlet | Noticed a glowing orange brain
  9450 | Gauntlet | Found a transporter.
  9833 | Gauntlet | Identified the ring of Spontaneous Combustion {rPois rN+}
  9833 | Gauntlet | Noticed a minotaur
  9847 | Gauntlet | HP: 4/86 [minotaur/+3 battleaxe (38)]
  9853 | Gauntlet | HP: 2/86 [minotaur/+3 battleaxe (19)]
  9854 | Gauntlet | Slain by a minotaur

Illustrated notes

Levels and vault maps discovered:
D:1:      scummos_arrival_simple_fountains, layout_basic, serial_aquarium,
          aquarium_bridge_square [aquarium_subvault_window,
          aquarium_subvault_bridge, aquarium_subvault_window,
          aquarium_subvault_bridge], aquarium_bridge_square
          [aquarium_subvault_wall, aquarium_subvault_bridge,
          aquarium_subvault_window, aquarium_subvault_wall],
          aquarium_window_corner, aquarium_window_1, aquarium_view_2f,
          aquarium_view_2b, aquarium_balcony_double_1, aquarium_pool_2
D:2:      layout_loops_ring, ebering_ecumenical_altar_webs, uniq_sigmund
D:3:      layout_loops_ring, grunt_ministairs_8, uniq_ijyb
D:4:      minmay_clustersquares, layout_basic, nicolae_yredelemnul_corpse_copse,
          minmay_temple_entry_waves, small_statue_alley_b
D:5:      layout_layer_cave
D:6:      layout_cave_pools
D:7:      layout_loops_ring, uniq_maggie, uniq_pikel, uniq_menkaure
D:8:      layout_layer_cave, uniq_psyche, uniq_maurice, uniq_amaemon
D:9:      layout_roguey, ebering_ghost_reflecting_pool
D:10:     layout_irregular_city
D:11:     layout_basic, hellmonk_lair_entry_icy, orc_0_dummy,
          gauntlet_entry_generic, minmay_lindwurm_lava
Gauntlet: gammafunk_gauntlet_branching [gammafunk_gauntlet_arena_spirals,
          gammafunk_gauntlet_arena_crates, nicolae_gauntlet_swirl,
          nicolae_gauntlet_arena_quarters, nicolae_gauntlet_arena_t_cross,
          nicolae_gauntlet_arena_blocks, gammafunk_gauntlet_arena_teeth,
          nicolae_gauntlet_arena_flowing_pool,
          dreamdust_gauntlet_exit_labyrinth]

Skill      XL: |  1  2  3  4  5  6  7  8  9 10 11 |
---------------+----------------------------------+-----
Long Blades    | 3 4 5 6 7 8 9 11 13 | 13.8
Fighting       | 3 5 |  5.0
Dodging        | 4 6 7 8 |  8.0
Shields        | 1 2 |  2.8
Throwing       | |  1.7

Action                   |  1- 3 |  4- 6 |  7- 9 | 10-12 || total
-------------------------+-------+-------+-------+-------++-------
Melee: Long sword        |    75 |       |   190 |   226 ||   491
       Punch             |     1 |     3 |     9 |     4 ||    17
       Short sword       |    84 |   287 |   293 |       ||   664
Throw: Dart              |       |       |     7 |     5 ||    12
       Throwing net      |       |       |     1 |     1 ||     2
 Cast: Sandblast         |     1 |       |       |       ||     1
  Use: Scroll            |       |       |    12 |     3 ||    15
       Potion            |       |       |     2 |     5 ||     7
 Stab: Sleeping          |     4 |     1 |     1 |       ||     6
       Distracted        |       |       |       |     1 ||     1
       Invisible         |       |       |       |     5 ||     5
Armor: Leather armour    |    45 |       |       |       ||    45
       Ring mail         |     6 |    99 |   141 |    36 ||   282
Dodge: Dodged            |   117 |    84 |   250 |   119 ||   570
Block: Other             |    11 |    48 |    84 |    15 ||   158
       Reflection        |       |       |     1 |       ||     1
       Buckler           |       |       |       |    36 ||    36

Table legend: (Time is in decaauts)
 A = Elapsed time spent in this place.
 B = Non-inter-level travel time spent in this place.
 C = Inter-level travel time spent in this place.
 D = Time resting spent in this place.
 E = Time spent auto-exploring this place.
 F = Levels seen in this place.
 G = Mean time per level.
                   A        B        C        D        E       F      G
               +--------+--------+--------+--------+--------+-----+--------+
         Total |   9657 |   9106 |    551 |    306 |   6446 |  12 |  804.8 |
       Dungeon |   9000 |   8449 |    551 |    296 |   6131 |  11 |  818.2 |
      Gauntlet |    656 |    656 |      0 |     10 |    315 |   1 |  656.0 |
               +--------+--------+--------+--------+--------+-----+--------+

Top non-repeatable levels by time:
     D:5: 1265 daAuts
     D:1: 967 daAuts
     D:3: 913 daAuts
     D:4: 908 daAuts
     D:8: 901 daAuts
     D:2: 861 daAuts
     D:7: 801 daAuts
     D:9: 801 daAuts
    D:10: 794 daAuts
     D:6: 712 daAuts
Gauntlet: 656 daAuts
    D:11: 74 daAuts
